 Dungeon Crawl Stone Soup version 0.31.0-1-g2c135a008e (webtiles) character file.

Game seed: 3969369119506731713

183 qw the Shooter (level 5, 0/40 HPs)
             Began as a Djinni Hunter on Jan 24, 2024.
             Slain by a gnoll
             ... wielding a +0 halberd
              (2 damage)
             ... on level 3 of the Dungeon.
             The game lasted 00:00:08 (1695 turns).

qw the Shooter (Djinni Hunter)                      Turns: 1695, Time: 00:00:09

Health: 0/40       AC:  5    Str: 10    XL:     5   Next: 94%
Gold:   147        EV: 12    Int: 11    God:
                   SH:  0    Dex: 24

rFire   + . .        a - +0 shortbow
rCold   . . .        (shield currently unavailable)
rNeg    . . .        d - +0 ring mail
rPois   inf          (no helmet)
rElec   .            (no cloak)
rCorr   .            (no gloves)
SInv    .            (boots unavailable)
Will    .....        (no amulet)
Stlth   +            e - ring of ice
HPRegen 0.26/turn    g - +6 ring of dexterity
MPRegen 0.00/turn

%: infuse magic (-1 HP)
@: flying
A: sickness immunity, fire resistance 2, cold vulnerability 1, float, innate
caster, HP casting, extra vitality 1
a: no special abilities


You were on level 3 of the Dungeon.
You visited 1 branch of the dungeon, and saw 3 of its levels.

You collected 147 gold pieces.


Innate Abilities, Weirdness & Mutations

You are immune to sickness and miasma.
You are immune to poison.
Your flesh is very heat resistant. (rF++)
You are vulnerable to cold. (rC-)
You float through the air rather than walking.
You learn spells naturally, not from books.
Your magical power is your life essence.
You have superior vitality. (+4 MHP)


   Skills:
 - Level 3.4 Fighting
 + Level 4.5 Ranged Weapons
 - Level 1.0 Armour
 - Level 3.1 Dodging
 - Level 0.7 Stealth


You knew the following spells:

 Your Spells              Type           Power      Damage    Failure   Level
a - Shock                 Conj/Air       0%         1d3       65%         1
b - Momentum Strike       Conj/Tloc      0%         3d8       80%         2
Your spell library was empty.

Inventory:

Hand Weapons
 a - a +0 shortbow (weapon)
Armour
 d - a +0 ring mail (worn)
 k - a +0 helmet
Jewellery
 c - a ring of resist corrosion
 e - a ring of ice (left hand)
 g - a +6 ring of dexterity (right hand)
 h - a ring of fire
 j - the ring of Zaodde {MP+9 Str-2 Int+2 Dex+4}
   (You found it on level 3 of the Dungeon)

   [ring of magical power]

   Str-2:     It affects your strength (-2).
   Int+2:     It affects your intelligence (+2).
   Dex+4:     It affects your dexterity (+4).
   MP+9:      It affects your magic capacity (+9).
Wands
 f - a wand of iceblast (11)
Scrolls
 l - a scroll of enchant weapon {unknown}
Potions
 i - a potion of brilliance {unknown}

Dungeon Overview and Level Annotations

Branches:
Dungeon (3/15)

Altars:


Message History

Natasha yowls pathetically as she dies!
The gnoll barely misses you.
A gnoll comes into view. It is wielding a +0 spear.
The gnoll hits you from afar with a +0 halberd!
You shoot an arrow. The arrow closely misses the gnoll.
The gnoll barely misses you. The gnoll closely misses you. x2
You shoot an arrow. The arrow hits the gnoll.
The gnoll is lightly wounded.
The gnoll closely misses you. The gnoll misses you.
The gnoll hits you with a +0 club.
The gnoll hits you from afar with a +0 halberd!
You shoot an arrow. The arrow hits the gnoll.
The gnoll is moderately wounded.
The gnoll hits you from afar with a +0 spear.
The gnoll barely misses you. x2; The gnoll closely misses you.
The gnoll hits you from afar with a +0 spear.
The gnoll barely misses you.
1692 ||| DRINKING potion of heal wounds.
You feel much better.
The gnoll hits you from afar with a +0 spear.
The gnoll closely misses you.
The gnoll hits you but does no damage. x2
The gnoll hits you from afar with a +0 spear!
The gnoll barely misses you.
You shoot an arrow. The arrow hits the gnoll!
You kill the gnoll!
The gnoll barely misses you.
The gnoll hits you from afar with a +0 halberd.
The gnoll closely misses you. x2
You shoot an arrow. The arrow hits the gnoll!
The gnoll is severely wounded.
The gnoll hits you but does no damage.
The gnoll hits you from afar with a +0 halberd.
The gnoll closely misses you.
The gnoll hits you from afar with a +0 halberd.
You shoot an arrow. The arrow hits the gnoll.
The gnoll is almost dead.
You feel yourself speed up.
The gnoll hits you from afar with a +0 spear.
The gnoll hits you from afar with a +0 halberd.
You die...

.. . #.#### .. #......####
#.#.. ..........##g.....
..........@)g##############
.........#####...........#.
.........# #.......#...
.........# #.......####
.........# #..)....####
#........########..<........
................))...........
#...<......###.######........
#..........#...# #####....


You could see 2 gnolls.

Vanquished Creatures
  An orc priest (D:3)
  An orc wizard (D:3)
  Natasha (D:3)
  An adder (D:3)
  2 gnolls (D:3)
  A dart slug (D:1)
  2 ribbon worms (D:2)
  2 orcs (D:3)
  3 endoplasms
  17 giant cockroaches
  8 hobgoblins
  3 jackals (D:2)
  2 quokkas
  5 ball pythons
  3 frilled lizards
  3 goblins
  4 kobolds
  4 rats
63 creatures vanquished.

Notes
Turn   | Place    | Note
-------+----------+-------------------------------------------
     0 | D:1      | qw the Djinni Hunter began the quest for the Orb.
     0 | D:1      | Reached XP level 1. HP: 18/18 MP: 0/0
     0 | D:1      | 0 ||| qw: Version: 0.3-a-136-gdd3b4e8
     0 | D:1      | 0 ||| qw: Game counter: 1460
     0 | D:1      | 0 ||| qw: Melee chars always use a shield: true
     0 | D:1      | 0 ||| qw: God list: Okawaru
     0 | D:1      | 0 ||| qw: Allow faded altars: false
     0 | D:1      | 0 ||| qw: Do Orc after clearing Dungeon:15 true
     0 | D:1      | 0 ||| qw: Do second Lair branch before Depths: true
     0 | D:1      | 0 ||| qw: Lair rune preference: random
     0 | D:1      | 0 ||| qw: Goals: Normal
     0 | D:1      | 0 ||| PLANNING D:1-11
    77 | D:1      | Reached XP level 2. HP: 13/23 MP: 0/0
   378 | D:1      | You are sucked into a shaft and drop 1 floor!
   389 | D:2      | 389 ||| UPGRADING to ring of ice.
   390 | D:2      | 390 ||| UPGRADING to +6 ring of dexterity.
   391 | D:2      | 391 ||| READING scroll labelled VITHOBL JUYNLA.
   392 | D:2      | 392 ||| READING scroll labelled TOMIWK FESSA.
   393 | D:2      | 393 ||| DROPPING scroll of butterflies.
   743 | D:1      | 743 ||| UPGRADING to +0 ring mail.
   753 | D:1      | 753 ||| DROPPING +0 leather armour.
   754 | D:1      | 754 ||| READING scroll labelled CUGIRPHOGAF.
   754 | D:1      | 754 ||| IDENTIFYING bubbling cyan potion
   755 | D:1      | 755 ||| READING scroll labelled CAGEEH MOUCEC.
   759 | D:1      | 759 ||| DROPPING potion of attraction.
   788 | D:2      | Reached XP level 3. HP: 28/28 MP: 0/0
   788 | D:2      | Learned a level 1 spell: Shock
   824 | D:2      | Reached skill level 4 in Ranged Weapons
   867 | D:2      | Reached skill level 1 in Armour
  1008 | D:2      | Reached XP level 4. HP: 34/34 MP: 0/0
  1298 | D:2      | 1298 ||| READING scroll of identify.
  1298 | D:2      | 1298 ||| IDENTIFYING puce potion
  1299 | D:2      | 1299 ||| READING scroll labelled BOPARETITY.
  1300 | D:2      | 1300 ||| READING scroll labelled USTRE FUNEC.
  1341 | D:3      | Reached skill level 3 in Fighting
  1352 | D:3      | Reached skill level 3 in Dodging
  1352 | D:3      | Reached XP level 5. HP: 14/40 MP: 0/0
  1352 | D:3      | Learned a level 2 spell: Momentum Strike
  1378 | D:3      | 1378 ||| FLEEEEING.
  1509 | D:3      | Identified the ring of Zaodde {MP+9 Str-2 Int+2 Dex+4}
  1596 | D:3      | Found a faded altar of an unknown god.
  1681 | D:3      | Noticed Natasha
  1688 | D:3      | Killed Natasha
  1691 | D:3      | HP: 9/40 [gnoll/+0 spear (3)]
  1692 | D:3      | 1692 ||| DRINKING potion of heal wounds.
  1695 | D:3      | HP: 2/40 [gnoll/+0 spear (4)]
  1695 | D:3      | Slain by a gnoll

Levels and vault maps discovered:
D:1:      roadster_arrival_rocket_large, layout_rooms, minmay_stone_trees_small,
          roderic_cross_of_infinity, minmay_misc_feat_cross, dk_noncrumbling_2,
          amcnicky_mini_pool_small
D:2:      minmay_roachtagon, layout_rooms, minmay_cut_off
D:3:      layout_rooms, ebering_ecumenical_altar_abandoned,
          minmay_misc_feat_rugged, uniq_natasha

Skill      XL: |  1  2  3  4 |
---------------+-------------+-----
Ranged Weapons | 4 |  4.5
Armour         | 1 |  1.0
Fighting       | 3 |  3.4
Dodging        | 3 |  3.1
Stealth        | |  0.7

Action                     |  1- 3 |  4- 6 || total
---------------------------+-------+-------++-------
   Fire: Shortbow          |   111 |    74 ||   185
    Use: Scroll            |     4 |     3 ||     7
         Potion            |       |     1 ||     1
 Armour: Leather armour    |     7 |       ||     7
         Ring mail         |    23 |    37 ||    60
  Dodge: Dodged            |    34 |    22 ||    56

Table legend:
 A = Non-vault XP
 B = Vault XP
 C = Vault XP percentage of total XP
 D = Non-vault monster count
 E = Vault monster count
 F = Vault count percentage of total count
                 A         B        C        D         E       F
            +---------+---------+-------+---------+---------+-------
      Total |     191 |      71 |  27.1 |      45 |      18 |  28.6
            +---------+---------+-------+---------+---------+-------
        D:1 |      28 |       0 |   0.0 |      17 |       0 |   0.0
        D:2 |      24 |      36 |  60.0 |      14 |      17 |  54.8
        D:3 |     139 |      35 |  20.1 |      14 |       1 |   6.7
            +---------+---------+-------+---------+---------+-------
